 Dungeon Crawl Stone Soup version 0.31-a0-252-gc4385922b5 (webtiles) character file.

Game seed: 17650324289308222869

128 qw the Shooter (level 5, -2/30 HPs)
             Began as a Gargoyle Hexslinger on July 12, 2023.
             Slain by a gnoll
             ... wielding a +0 spear
              (3 damage)
             ... on level 4 of the Dungeon.
             The game lasted 00:01:13 (2616 turns).

qw the Shooter (Gargoyle Hexslinger)                Turns: 2616, Time: 00:01:13

Health: -2/30      AC: 11    Str: 11    XL:     5   Next: 11%
Magic:  6/6        EV: 11    Int: 14    God:
Gold:   136        SH:  5    Dex: 14    Spells: 5/6 levels left

rFire   . . .        n - +0 arbalest
rCold   . . .        (shield currently unavailable)
rNeg    + . .        i - +0 leather armour
rPois   inf          (no helmet)
rElec   +            f - +1 cloak
rCorr   .            l - +0 pair of gloves
SInv    .            k - +0 pair of boots
Will    .....        a - amulet of reflection
Stlth   +            (no ring)
HPRegen 0.25/turn    (no ring)
MPRegen 0.10/turn

%: reflection
@: about to teleport
A: sickness immunity, AC +4, negative energy resistance 1, electricity
resistance, torment resistance 1, petrification resistance
a: no special abilities


You were on level 4 of the Dungeon.
You visited 1 branch of the dungeon, and saw 4 of its levels.

You collected 227 gold pieces.
You spent 91 gold pieces at shops.


Innate Abilities, Weirdness & Mutations

You are immune to sickness and miasma.
Your stone body is resilient. (AC +4)
You are immune to poison.
You resist negative energy. (rN+)
You are resistant to electric shocks. (rElec)
You are resistant to unholy torment.
You are immune to petrification.


   Skills:
 - Level 2.3 Fighting
 + Level 4.5 Ranged Weapons
 - Level 1.0 Armour
 - Level 1.5 Dodging
 - Level 1.0 Spellcasting
 - Level 2.6 Hexes


You had 5 spell levels left.
You knew the following spells:

 Your Spells              Type           Power      Damage    Failure   Level
a - Slow                  Hex            32%        N/A       12%         1

Your spell library contained the following spells:

 Spells                   Type           Power      Damage    Failure   Level
 Inner Flame              Hex/Fire       4%         N/A       52%         3
 Portal Projectile        Hex/Tloc       8%         N/A       52%         3
 Cause Fear               Hex            4%         N/A       75%         4

Inventory:

Hand Weapons
 n - a +0 arbalest (weapon)
Armour
 b - a +0 ring mail
 f - a +1 cloak (worn)
 i - a +0 leather armour (worn)
 k - a +0 pair of boots (worn)
 l - a +0 pair of gloves (worn)
Jewellery
 a - an amulet of reflection (around neck)
 m - a ring of resist corrosion
 p - a ring of fire
Scrolls
 j - 4 scrolls of teleportation
 o - a scroll of identify
Potions
 c - a potion of magic {unknown}
 d - a potion of haste
 e - a potion of ambrosia {unknown}
 g - 2 potions of curing
 h - a potion of attraction {unknown}

Dungeon Overview and Level Annotations

Branches:
Dungeon (4/15)
 Temple: D:4-7

Altars:
Uskayaw
Vehumet

Shops:
D:3 [

Annotations:
D:4 Edmund, Pikel


Message History

You shoot a bolt. The bolt misses the lemure.
The bolt misses Pikel.
The bolt hits the lemure.
The lemure is lightly wounded.
You block the adder's attack. You block the lemure's attack.
The gnoll closely misses you. The adder bites you but does no damage.
You block the adder's attack. The lemure barely misses you.
The gnoll misses you. The adder bites you but does no damage.
You shoot a bolt. The bolt barely misses the lemure.
The bolt hits Pikel.
Pikel is lightly wounded.
The adder bites you but does no damage. The adder bites you.
The lemure hits you but does no damage. The gnoll misses you.
The gnoll hits you from afar with a +0 spear.
You block the adder's attack. The adder bites you. The lemure hits you.
The gnoll hits you but does no damage. x2
A lemure comes into view.
You shoot a bolt. The lemure shouts!
The bolt hits Pikel but does no damage.
Pikel is lightly wounded.
The adder closely misses you. The adder bites you but does no damage.
The adder misses you. The lemure hits you but does no damage.
The gnoll barely misses you. You block Pikel's attack.
The gnoll closely misses you.
The adder bites you but does no damage. x2
You shoot a bolt. The bolt hits Pikel!
Pikel is moderately wounded.
The adder bites you but does no damage. The gnoll closely misses you.
Pikel misses you.
The gnoll hits you from afar with a +0 spear.
The adder barely misses you. You block the adder's attack.
The lemure closely misses you. The lemure hits you!
The gnoll barely misses you. You block Pikel's attack.
The gnoll barely misses you. The adder bites you but does no damage.
2616 ||| READING 5 scrolls of teleportation.
As you read the scroll of teleportation, it crumbles to dust.
You feel strangely unstable. The adder bites you but does no damage.
The lemure closely misses you. The gnoll hits you but does no damage.
You block the adder's attack. The lemure hits you. Pikel closely misses you.
The gnoll hits you from afar with a +0 spear.
You die...

#..## ##.# #...##
..#...#####..#
#..#..#..#........@##
#.#....#.#..#####..#
##......##[.# #..##
#........#..####.##
##..ggg.###.##...######
.#...gSS..#..#..#....(..
....555@.......##.....<.
#####.K5.##...# #.......
####....#####.......
##................
#..###.#..##......
#.#....##.........
###.#.########......
##.....# #......
#.....## #......


You could see Pikel, 4 lemures, 3 gnolls, 2 adders and a goblin.

Vanquished Creatures
  3 adders
  2 worms
  4 dart slugs
  2 orcs (D:3)
  11 endoplasms
  5 giant cockroaches
  6 goblins
  8 hobgoblins
  9 jackals
  2 quokkas
  3 ball pythons
  10 bats
  5 frilled lizards
  5 kobolds
  2 rats
77 creatures vanquished.

Notes
Turn   | Place    | Note
-------+----------+-------------------------------------------
     0 | D:1      | qw the Gargoyle Hexslinger began the quest for the Orb.
     0 | D:1      | Reached XP level 1. HP: 12/12 MP: 2/2
     0 | D:1      | 0 ||| qw: Version: 0.3-a-52-g30416fa
     0 | D:1      | 0 ||| qw: Game counter: 6606
     0 | D:1      | 0 ||| qw: Melee chars always use a shield: true
     0 | D:1      | 0 ||| qw: God list: Okawaru
     0 | D:1      | 0 ||| qw: Allow faded altars: false
     0 | D:1      | 0 ||| qw: Do Orc after clearing Dungeon:15 true
     0 | D:1      | 0 ||| qw: Do second Lair branch before Depths: true
     0 | D:1      | 0 ||| qw: Lair rune preference: random
     0 | D:1      | 0 ||| qw: Goals: Normal
     0 | D:1      | 0 ||| PLANNING D:1-11
   254 | D:1      | Reached XP level 2. HP: 6/16 MP: 3/3
   501 | D:1      | Reached skill level 3 in Ranged Weapons
   767 | D:1      | 767 ||| UPGRADING to +1 cloak.
   772 | D:1      | 772 ||| READING scroll labelled QAUHUG EHUH.
   773 | D:1      | 773 ||| READING scroll labelled WOIBREXOBA.
   776 | D:1      | 776 ||| DROPPING scroll of poison.
   862 | D:2      | Reached XP level 3. HP: 19/21 MP: 4/4
   935 | D:2      | 935 ||| FLEEEEING.
   936 | D:2      | 936 ||| FLEEEEING.
   937 | D:2      | 937 ||| FLEEEEING.
   938 | D:2      | 938 ||| FLEEEEING.
   939 | D:2      | 939 ||| FLEEEEING.
  1045 | D:2      | Found a radiant altar of Vehumet.
  1377 | D:2      | Reached XP level 4. HP: 24/26 MP: 5/5
  1454 | D:2      | 1454 ||| UPGRADING to +0 pair of gloves.
  1459 | D:2      | 1459 ||| UPGRADING to amulet of reflection.
  1464 | D:2      | 1464 ||| READING scroll labelled OKIBAJEJOEC.
  1465 | D:2      | 1465 ||| READING scroll labelled ABBUING ZOYFF.
  1466 | D:2      | 1466 ||| READING scroll labelled SOSERHUPSA.
  1538 | D:3      | Found Ide Depp's Armour Emporium.
  1552 | D:3      | 1552 ||| BUYING +0 leather armour (28 gold).
  1552 | D:3      | Bought a +0 leather armour for 28 gold pieces
  1552 | D:3      | 1552 ||| BUYING +0 pair of boots (63 gold).
  1552 | D:3      | Bought a +0 pair of boots for 63 gold pieces
  1552 | D:3      | 1552 ||| SHOPLISTING +0 ring mail (56 gold, have 51).
  1617 | D:3      | Reached skill level 4 in Ranged Weapons
  1726 | D:3      | HP: 6/26 [worm (5)]
  1727 | D:3      | 1727 ||| READING 3 scrolls of teleportation.
  2021 | D:3      | Found a faded altar of an unknown god.
  2259 | D:3      | 2259 ||| DROPPING scarf of harm.
  2260 | D:3      | 2260 ||| UPGRADING to +0 leather armour.
  2270 | D:3      | 2270 ||| DROPPING +0 robe.
  2271 | D:3      | 2271 ||| UPGRADING to +0 pair of boots.
  2276 | D:3      | 2276 ||| DROPPING ring of wizardry.
  2277 | D:3      | 2277 ||| DRINKING 3 black potions.
  2278 | D:3      | 2278 ||| DRINKING 2 sapphire potions.
  2279 | D:3      | 2279 ||| READING 2 scrolls of identify.
  2279 | D:3      | 2279 ||| IDENTIFYING puce potion
  2280 | D:3      | 2280 ||| DROPPING potion of brilliance.
  2297 | D:4      | Reached XP level 5. HP: 30/30 MP: 6/6
  2306 | D:4      | Noticed a +0 dagger
  2308 | D:4      | Noticed a +0 dagger
  2321 | D:4      | Found a hide-covered altar of Uskayaw.
  2363 | D:4      | Reached skill level 1 in Armour
  2414 | D:4      | 2414 ||| SWAPPING to +0 arbalest.
  2415 | D:4      | 2415 ||| DROPPING +1 sling.
  2455 | D:4      | Noticed Edmund
  2465 | D:4      | HP: 3/30 [Edmund/+1 heavy flail (6)]
  2466 | D:4      | 2466 ||| READING 6 scrolls of teleportation.
  2608 | D:4      | Noticed a lemure
  2608 | D:4      | Noticed a lemure
  2609 | D:4      | Noticed Pikel
  2610 | D:4      | Noticed a lemure
  2613 | D:4      | Noticed a lemure
  2615 | D:4      | HP: 2/30 [lemure[Pikel] (7)]
  2616 | D:4      | 2616 ||| READING 5 scrolls of teleportation.
  2616 | D:4      | Slain by a gnoll

Levels and vault maps discovered:
D:1:      dpeg_arrival_snail, layout_loops_ring, hangedman_decor_riveting
D:2:      layout_basic, basic_altar, minmay_between
D:3:      layout_loops_ring, basic_ecumenical_altar, serial_shops, shop,
          minmay_fractal_squares_5
D:4:      layout_rooms, dancing_weapons_uskayaw, nicolae_half_adder,
          uniq_edmund, uniq_pikel

Skill      XL: |  1  2  3  4  5 |
---------------+----------------+-----
Ranged Weapons | 3 4 |  4.5
Fighting       | 2 |  2.3
Armour         | 1 |  1.0
Dodging        | |  1.5
Spellcasting   | |  1.0
Hexes          | |  2.6

Action                     |  1- 3 |  4- 6 || total
---------------------------+-------+-------++-------
   Fire: Sling             |   127 |   138 ||   265
         Arbalest          |       |    22 ||    22
    Use: Scroll            |     2 |     7 ||     9
         Potion            |       |     2 ||     2
 Armour: Robe              |    40 |    31 ||    71
         Leather armour    |       |    20 ||    20
  Dodge: Dodged            |    72 |    61 ||   133
  Block: Other             |       |    32 ||    32
         Reflection        |       |     2 ||     2

Table legend:
 A = Non-vault XP
 B = Vault XP
 C = Vault XP percentage of total XP
 D = Non-vault monster count
 E = Vault monster count
 F = Vault count percentage of total count
                 A         B        C        D         E       F
            +---------+---------+-------+---------+---------+-------
      Total |     160 |      23 |  12.6 |      65 |      12 |  15.6
            +---------+---------+-------+---------+---------+-------
        D:1 |      31 |       0 |   0.0 |      18 |       0 |   0.0
        D:2 |      44 |      13 |  22.8 |      13 |       6 |  31.6
        D:3 |      66 |      10 |  13.2 |      26 |       6 |  18.8
        D:4 |      19 |       0 |   0.0 |       8 |       0 |   0.0
            +---------+---------+-------+---------+---------+-------
